 Dungeon Crawl Stone Soup version 0.27-a0-346-ga689d4a613 (webtiles) character file.

Game seed: 5532897717674798402

3 Lanoc the Bolt Thrower (level 1, -2/17 HPs)
             Began as a Ghoul Hunter on Feb 15, 2021.
             Slain by a hobgoblin
             ... wielding a +0 club
              (4 damage)
             ... on level 3 of the Dungeon.
             The game lasted 00:00:25 (157 turns).

Lanoc the Bolt Thrower (Ghoul Hunter)                Turns: 157, Time: 00:00:26

Health: -2/17      AC:  3    Str: 15    XL:     1   Next: 50%
Magic:  0/0        EV: 11    Int:  6    God:
Gold:   8          SH:  0    Dex:  9    Spells: 0/0 levels left

rFire    . . .     SeeInvis .   a - +1 hand crossbow
rCold    + . .     Faith    .   (no shield)
rNeg     + + +     Spirit   .   c - +0 leather armour
rPois    ∞         Reflect  .   (no helmet)
rElec    .         Harm     .   (no cloak)
rCorr    .         Rampage  .   (no gloves)
Will     .....                  (no boots)
Stlth    +.........             (no amulet)
HPRegen  0.00/turn              (no ring)
MPRegen  0.07/turn              (no ring)

@: no status effects
A: claws 1, cold resistance 1, negative energy resistance 3, inhibited
regeneration, torment resistance, unbreathing
a: no special abilities


You were on level 3 of the Dungeon.
You visited 1 branch of the dungeon, and saw 3 of its levels.

You collected 8 gold pieces.

Inventory:

Hand Weapons
 a - a +1 hand crossbow (weapon)
Missiles
 d - 20 bolts (quivered ammo)
Armour
 c - a +0 leather armour (worn)
Scrolls
 b - a scroll of fear {unknown}


   Skills:
 + Level 2.2 Fighting
 * Level 3.7 Crossbows
 + Level 1.8 Dodging
 - Level 1.1 Stealth


You couldn't memorise any spells.
You didn't know any spells.
Your spell library was empty.

Dungeon Overview and Level Annotations

Branches:
Dungeon (3/15)

Altars:


Innate Abilities, Weirdness & Mutations

You thrive by killing the living.
You are immune to poison.
You have sharp fingernails.
Your flesh is cold resistant. (rC+)
You are immune to negative energy. (rN+++)
You do not regenerate when monsters are visible.
You are immune to unholy pain and torment.
You can survive without breathing.


Message History

You hit the giant cockroach.
You kill the giant cockroach!
No target in view!
No target in view!
No target in view!
No target in view!
No target in view!
Drop what? 4/52 slots (_ for help) (? for menu, Esc to quit)
You are now empty-clawed.
You drop a +0 short sword.
HP restored.
b - a scroll labelled NIFOWN LUBAIKK
There is a stone staircase leading down here.
You climb downwards.
There is a stone staircase leading up here.
A rat comes into view.
A worm comes into view.
You barely miss the rat. The rat bites you.
You scratch the rat but do no damage. The rat bites you.
You scratch the rat.
You kill the rat!
You feel better.
Found an ivory ring.
You scratch the worm.
The worm is lightly wounded.
The worm bites you!
Ouch! That really hurt!
You are too injured to fight recklessly!
You are too injured to fight recklessly!
You are too injured to fight recklessly!
You scratch the worm.
The worm is moderately wounded.
You see here a rat corpse.
a - a +1 hand crossbow (weapon)
You are too injured to fight recklessly!
A hobgoblin comes into view. It is wielding a +0 club.
Found an orange potion.
The hobgoblin hits you with a +0 club.
* * * LOW HITPOINT WARNING * * *
The hobgoblin hits you with a +0 club.
You die...

#########
#<.#....#
##.#†##.#
#.....#.#
#..#..#w#
####..#.# #
......#.##.#
####....g..####
.......@.......
..........#####
...=......#
............
.##.#.....###
#.+....!+ #
#.....# #######


You could see a worm and a hobgoblin.

Vanquished Creatures
  A bat (D:2)
  A giant cockroach (D:2)
  A rat (D:3)
3 creatures vanquished.

Notes
Turn   | Place    | Note
-------+----------+-------------------------------------------
     0 | D:1      | Lanoc the Ghoul Hunter began the quest for the Orb.
     0 | D:1      | Reached XP level 1. HP: 17/17 MP: 0/0
   157 | D:3      | Slain by a hobgoblin

Illustrated notes

Levels and vault maps discovered:
D:1:      onia_arrival_handbag, layout_basic, minmay_lizard_king
D:2:      cheibrodos_fertilizer, layout_loops_cross, xom_redecorated
D:3:      layout_basic, serial_curves, eino_curves_03, eino_curves_04

Action                   || total
-------------------------++-------
Melee: Short sword       ||    16
       Unarmed           ||     5
Armor: Leather armour    ||     8
Dodge: Dodged            ||    14

Table legend: (Time is in decaauts)
 A = Elapsed time spent in this place.
 B = Non-inter-level travel time spent in this place.
 C = Inter-level travel time spent in this place.
 D = Time resting spent in this place.
 E = Time spent auto-exploring this place.
 F = Levels seen in this place.
 G = Mean time per level.
                   A        B        C        D        E       F      G
               +--------+--------+--------+--------+--------+-----+--------+
         Total |    157 |    150 |      7 |      0 |    101 |   3 |   52.3 |
       Dungeon |    157 |    150 |      7 |      0 |    101 |   3 |   52.3 |
               +--------+--------+--------+--------+--------+-----+--------+

Top non-repeatable levels by time:
     D:2: 123 daAuts
     D:3: 23 daAuts
     D:1: 10 daAuts
